 Dungeon Crawl Stone Soup version 0.30.1 (webtiles) character file.

Game seed: 14051693897066797084

696 booth the Conjurer (level 7, -19/50 HPs)
             Began as a White Draconian Conjurer on June 30, 2023.
             Was an Initiate of Sif Muna.
             Demolished by a two-headed ogre
             ... wielding a +0 giant club
              (23 damage)
             ... on level 5 of the Dungeon on July 1, 2023.
             The game lasted 00:40:09 (5822 turns).

booth the Conjurer (White Draconian Conjurer)       Turns: 5822, Time: 00:40:10

Health: -19/50     AC:  7    Str: 10    XL:     7   Next: 37%
Magic:  9/12       EV: 12    Int: 20    God:    Sif Muna [......]
Gold:   256        SH:  0    Dex:  9    Spells: 2/13 levels left

rFire   . . .        b - +1 dagger (venom)
rCold   + . .        (no shield)
rNeg    . . .        (body armour unavailable)
rPois   .            (helmet restricted)
rElec   .            (no cloak)
rCorr   .            (no gloves)
SInv    .            n - +0 pair of boots
Will    .....        (no amulet)
Stlth   ++           (no ring)
HPRegen 0.28/turn    (no ring)
MPRegen 0.13/turn

%: no passive effects
@: mighty
A: breathe frost, AC +6, unfitting armour, cold resistance 1, cold-blooded
a: Breathe Frost, Renounce Religion


You were on level 5 of the Dungeon.
You worshipped Sif Muna.
Sif Muna was noncommittal.
You visited 2 branches of the dungeon, and saw 6 of its levels.

You collected 256 gold pieces.

Inventory:

Hand Weapons
 b - a +1 dagger of venom (weapon)
 h - a +3 dagger
 j - a +0 mace
 o - a +3 whip
Missiles
 c - 8 poisoned darts (quivered)
 i - 3 javelins
Armour
 d - a +0 pair of boots
 f - a +0 buckler
 n - a +0 pair of boots (worn)
Jewellery
 m - a +4 ring of protection
Scrolls
 l - 2 scrolls of identify
Potions
 g - a potion of might
 k - 2 potions of brilliance


   Skills:
 + Level 3.7 Dodging
 + Level 3.9 Stealth
 + Level 3.7 Spellcasting
 + Level 5.4 Conjurations
 + Level 2.3 Hexes
 + Level 1.9 Air Magic


You had 2 spell levels left.
You knew the following spells:

 Your Spells              Type           Power      Damage    Failure   Level
a - Magic Dart            Conj           100%       1d8       1%          1
b - Searing Ray           Conj           50%        2d6       2%          2
c - Dazzling Flash        Conj/Hex       38%        N/A       9%          3
d - Fulminant Prism       Conj/Hex       9%         3d7       26%         4
e - Shock                 Conj/Air       72%        1d7       3%          1

Your spell library contained the following spells:

 Spells                   Type           Power      Damage    Failure   Level
 Swiftness                Air            11%        N/A       19%         3
 Volatile Blastmotes      Fire/Tloc      6%         2d10      36%         3
 Iskenderun's Mystic Bla  Conj/Tloc      14%        2d5       41%         4
 Airstrike                Air            5%         2d(1-17)  52%         4
 Starburst                Conj/Fire      7%         6d4       100%        6


Dungeon Overview and Level Annotations

Branches:
Dungeon (5/15)             Temple (1/1) D:4

Altars:
Ashenzari
Cheibriados
Dithmenos
Elyvilon
Kikubaaqudgha
Makhleb
Nemelex Xobeh
Okawaru
Sif Muna
Trog
Uskayaw
Wu Jian
Xom
Yredelemnul
Zin
The Shining One


Innate Abilities, Weirdness & Mutations

You can breathe waves of freezing cold which knock back foes.
Your icy white scales are hard. (AC +6)
You cannot fit into any form of body armour.
Your flesh is cold resistant. (rC+)
You are cold-blooded and may be slowed by cold attacks.


Message History

Aiming: Searing Ray (safe; 2% risk of failure)
Press: ? - help, Shift-Dir - straight line, f - ogre, p - two-headed ogre
Aim: an ogre, wielding a +0 giant spiked club (90% to hit)
The searing ray hits the two-headed ogre.
The two-headed ogre is lightly wounded.
The searing ray hits the ogre.
The ogre is moderately wounded. (Press . to maintain the ray.)
A quokka comes into view.
The searing ray hits the two-headed ogre!
The two-headed ogre is moderately wounded.
The searing ray hits the ogre.
The ogre is heavily wounded.
The two-headed ogre misses you.
The two-headed ogre hits you with a +0 giant club!!
Ouch! That really hurt!
* * * LOW HITPOINT WARNING * * *
The searing ray hits the two-headed ogre!
The two-headed ogre is heavily wounded.
The searing ray hits the ogre!
The ogre is severely wounded.
The two-headed ogre closely misses you. The two-headed ogre misses you.
The ogre attacks as you move away!
The ogre hits you with a +0 giant spiked club!
* * * LOW HITPOINT WARNING * * *
Magic courses through your body.
Okay, then.
The air fills with toxic fumes!
As you read the scroll labelled RUUXKA BOISAKH, it crumbles to dust.
It was a scroll of poison.
Casting: Searing Ray (safe; 2% risk of failure)
Confirm with . or Enter, or press ? or * to list all spells.
Casting: Dazzling Flash (dangerous; 9% risk of failure)
Press: ? - help, Dir - look around, f - activate Look: a two-headed ogre, wielding two +0 giant clubs (heavily wounded, chance to dazzle: 41%)
The two-headed ogre is dazzled.
The ogre is dazzled.
You puncture the two-headed ogre!
The two-headed ogre is poisoned.
The two-headed ogre is heavily wounded.
The two-headed ogre hits you with a +0 giant club!!
You die...

######............
#....§§§§§§§§§....
#.....§§§§§§§.....
######.§§§§§§.....
###§§§§...... #§§§r......
##§O##..... ##O####### #@§##
## ##§§# #. ##§### ##..
###.§§§###.. ###....§§§...##
###......§§§§§..##
###.........§§§§...###
###...........§§§§.....##
##....##..............#..###


You could see a two-headed ogre (blind, very poisoned), an ogre (blind) and a
quokka.

Vanquished Creatures
  Sigmund (D:2)
  A phantom (D:5)
  3 hounds
  2 jellies (D:5)
  An orc priest (D:2)
  Ijyb (D:5)
  An orc wizard (D:4)
  A sleepcap (D:4)
  2 iguanas (D:5)
  Robin (D:4)
  5 adders
  A worm (D:2)
  3 dart slugs
  9 orcs
  5 ball pythons
  7 endoplasms
  A giant cockroach (D:1)
  12 goblins
  11 hobgoblins
  4 kobolds
  3 quokkas
  8 bats
  4 frilled lizards
  3 rats
90 creatures vanquished.

Notes
Turn   | Place    | Note
-------+----------+-------------------------------------------
     0 | D:1      | booth the Draconian Conjurer began the quest for the Orb.
     0 | D:1      | Reached XP level 1. HP: 14/14 MP: 3/3
   396 | D:1      | Reached XP level 2. HP: 18/20 MP: 5/5
   400 | D:1      | Learned a level 2 spell: Searing Ray
  1149 | D:1      | Found a faded altar of an unknown god.
  1433 | D:2      | Reached XP level 3. HP: 26/26 MP: 0/6
  1496 | D:2      | Upgraded the game from 0.30.0-30-g96aa6591b8 to 0.30.1
  1623 | D:2      | Learned a level 3 spell: Dazzling Flash
  1632 | D:2      | Reached XP level 4. HP: 33/33 MP: 2/7
  2025 | D:2      | Noticed Sigmund
  2054 | D:2      | Killed Sigmund
  2055 | D:2      | Reached skill level 1 in Hexes
  2055 | D:2      | Reached XP level 5. HP: 23/38 MP: 3/9
  2061 | D:2      | Learned a level 4 spell: Fulminant Prism
  2697 | D:3      | Reached XP level 6. HP: 38/45 MP: 6/10
  2752 | D:3      | Learned a level 1 spell: Shock
  3820 | D:4      | Reached skill level 5 in Conjurations
  4051 | D:4      | Found a staircase to the Ecumenical Temple.
  4063 | D:4      | Noticed Robin
  4069 | D:4      | Killed Robin
  4153 | Temple   | Entered the Ecumenical Temple
  4429 | Temple   | Became a worshipper of Sif Muna the Loreminder
  4691 | D:4      | Reached skill level 1 in Air Magic
  4958 | D:4      | Found a glowing golden altar of the Shining One.
  4971 | D:4      | Found a bloodstained altar of Trog.
  5092 | D:5      | Entered Level 5 of the Dungeon
  5244 | D:5      | Noticed Ijyb
  5256 | D:5      | Killed Ijyb
  5257 | D:5      | Your scales start taking on an icy white colour.
  5257 | D:5      | Reached XP level 7. HP: 32/50 MP: 3/12
  5257 | D:5      | Gained mutation: Your flesh is cold resistant. (rC+) [White
                  | Draconian growth]
  5799 | D:5      | Noticed a two-headed ogre
  5822 | D:5      | Demolished by a two-headed ogre

Illustrated notes

Levels and vault maps discovered:
D:1:      elethiomel_arrival_quiet, layout_basic,
          chequers_ecumenical_altar_grove
D:2:      layout_basic, corexii_item_surrounded_by_moat, minmay_crystal_water,
          uniq_sigmund
D:3:      layout_loops_corners, serial_forest, infiniplex_forest_lined_corner,
          infiniplex_forest_fountain, infiniplex_forest_clump_small,
          infiniplex_forest_straight_2, infiniplex_forest_split, chequers_garden
D:4:      layout_rooms, mainiacjoe_overflow_swirl, minmay_temple_entry_slanted,
          uniq_robin
D:5:      layout_cave_pods, uniq_ijyb
Temple:   eino_temple_water

Skill      XL: |  1  2  3  4  5  6 |
---------------+-------------------+-----
Dodging        | 2 3 |  3.7
Stealth        | 2 3 |  3.9
Spellcasting   | 3 |  3.7
Hexes          | 1 2 |  2.3
Conjurations   | 5 |  5.4
Air Magic      | 1 |  1.9

Action                     |  1- 3 |  4- 6 |  7- 9 || total
---------------------------+-------+-------+-------++-------
  Melee: Unarmed           |    18 |       |       ||    18
         Short sword       |    14 |     7 |       ||    21
         Tailslap          |     1 |    15 |     4 ||    20
         Dagger            |       |    74 |    35 ||   109
  Throw: Dart              |     4 |       |       ||     4
   Cast: Magic Dart        |    32 |    60 |    12 ||   104
         Searing Ray       |     2 |    10 |     4 ||    16
         Dazzling Flash    |       |       |     2 ||     2
Ability: Breathe Frost     |       |       |     1 ||     1
    Use: Potion            |     1 |     4 |     2 ||     7
         Scroll            |       |     5 |     1 ||     6
   Stab: Distracted        |       |     1 |       ||     1
 Armour: Skin              |    10 |    31 |    17 ||    58
  Dodge: Dodged            |    15 |    59 |    22 ||    96
